 Dungeon Crawl Stone Soup version 0.19.0-18-g426998a (webtiles) character file.

60985 imganon the Severer (level 15, -1/95 HPs)
             Began as a Hill Orc Berserker on Nov 12, 2016.
             Was the Champion of Trog.
             Slain by a raiju (4 damage)
             ... on level 1 of the Abyss.
             The game lasted 00:53:05 (25007 turns).

imganon the Severer (Hill Orc Berserker)           Turns: 25007, Time: 00:53:06

Health: -1/95      AC: 28    Str: 27    XL:     15   Next: 1%
Magic:  22/22      EV:  9    Int:  7    God:    Trog [******]
Gold:   1806       SH:  0    Dex: 10    Spells: 0 memorised, 14 levels left

rFire  + . .     SeeInvis +     M - +10 executioner's axe
rCold  . . .     Gourm    .     x - +3 chain mail of Undesirable Species {rElec MR+ SInv}
rNeg   . . .     Faith    +     (shield currently unavailable)
rPois  .         Spirit   .     K - +2 hat
rElec  +         Reflect  .     m - +1 cloak {MR+}
rCorr  .         Harm     .     X - +0 pair of gloves
MR     +++..     Clarity  +     y - +0 pair of boots
Stlth  ..........               S - amulet of faith
                                h - +5 ring of protection
                                t - ring of protection from fire

@: very slightly contaminated
A: hooves 1, blurry vision 2, clarity, deterioration 2, frail 3, MP-powered
wands
a: Berserk, Trog's Hand, Brothers in Arms, Burn Spellbooks, Renounce Religion


You were on level 1 of the Abyss.
You worshipped Trog.
Trog was exalted by your worship.
You were hungry.

You visited 3 branches of the dungeon, and saw 20 of its levels.
You visited the Abyss 1 time.
You also visited: Labyrinth.

You collected 1806 gold pieces.

Inventory:

Hand Weapons
 w - a +3 antimagic battleaxe
 M - a +10 executioner's axe (weapon)
 Z - the +1 battleaxe of Articulation {freeze, rC+ rN+ Str-3 Int+7}
   (Trog gifted it to you on level 2 of the Lair of Beasts)

   It has been specially enchanted to freeze those struck by it, causing extra
   injury to most foes and up to half again as much damage against particularly
   susceptible opponents.
   It can also slow down cold-blooded creatures.
   It affects your strength (-3).
   It affects your intelligence (+7).
   It protects you from cold.
   It protects you from negative energy.
Armour
 d - a +0 plate armour
 m - a +1 cloak of magic resistance (worn)
 x - the +3 chain mail of Undesirable Species (worn) {rElec MR+ SInv}
   (You took it off a minotaur in a labyrinth)

   It insulates you from electricity.
   It affects your resistance to hostile enchantments.
   It lets you see invisible.
 y - a +0 pair of boots (worn)
 K - a +2 hat (worn)
 X - a +0 pair of gloves (worn)
Rods
 T - a +4 rod of shadows (13/13)
   (You found it on level 6 of the Lair of Beasts)
Jewellery
 b - an uncursed ring of see invisible
 h - a +5 ring of protection (right hand)
 t - a ring of protection from fire (left hand)
 u - an uncursed ring of positive energy
 S - an amulet of faith (around neck)
 V - an uncursed ring of protection from cold
Wands
 k - a wand of lightning (1/15)
 s - a wand of iceblast (5/15)
 v - a wand of flame (18/48)
 D - a wand of digging (19/24)
 F - a wand of flame (14/48)
 L - a wand of lightning (10/15)
 N - a wand of random effects (18/48)
 O - a wand of iceblast (1/15)
 P - a wand of slowing (16/48)
 Q - a wand of confusion (18/48)
 U - a wand of lightning (2/15)
 Y - a wand of acid (9/15)
Scrolls
 e - 7 scrolls of teleportation
 g - 4 scrolls of recharging
 i - 3 scrolls of enchant weapon
 j - 4 scrolls of identify
 n - 7 scrolls of remove curse
 p - 3 scrolls of blinking
 q - 2 scrolls of fear
 r - a scroll of enchant armour
 E - a scroll of magic mapping
Potions
 f - 4 potions of cancellation
 o - a potion of haste
 z - 3 potions of curing
 A - 4 potions of agility
 B - a potion of cure mutation
 C - 3 potions of brilliance
 G - a potion of ambrosia
 H - 3 potions of might
 J - a potion of resistance
 R - 2 potions of flight
Comestibles
 a - 9 slices of pizza
 c - 8 bread rations
 l - 12 meat rations
 I - 3 beef jerkies
 W - 8 royal jellies


   Skills:
 + Level 13.7 Fighting
 + Level 20.5 Axes
 + Level 13.3 Armour
 - Level 1.5 Dodging
 - Level 10.3 Evocations


You had 14 spell levels left.
You didn't know any spells.

Dungeon Overview and Level Annotations

Branches:
Dungeon (12/15)            Temple (0/1) D:6            Lair (6/6) D:8
  Swamp (0/4) Lair:4       Spider (0/4) Lair:3        Slime (0/5) Lair:6
    Orc (2/2) D:12
    Elf: Orc:2

Altars:
Cheibriados
Elyvilon
Fedhas
Makhleb
Ru
Sif Muna
Trog
Xom
The Shining One
Beogh

Shops:
D:7 }

Annotations:
D:8 exclusion: oklob plant


Innate Abilities, Weirdness & Mutations

You have large cloven feet.
You possess an exceptional clarity of mind.
[Scrolls take you longer to read.]
[Your body often deteriorates upon taking damage.]
[You are extremely frail. (-30% HP)]
[You expend magic power (3 MP) to strengthen your wands.]


Message History

Trog accepts your kill.
You hear a bleat!
Unknown command.
You start resting.
A raiju comes into view.
You slash the raiju!
The raiju is heavily wounded.
The raiju barely misses you.
Unknown command.
You completely miss the raiju.
The raiju is heavily wounded.
The raiju bursts into living lightning!
The living lightning hits you! You resist.
* * * LOW HITPOINT WARNING * * *
The living lightning hits you! You resist.
* * * LOW HITPOINT WARNING * * *
The raiju blinks!
Unknown command.
The raiju bites you.
You die...

.##. ..
# ## .
#5 #.
##.# .#
....##.
. # ##
. #. .
#.## .
. #.###
...#
##§h##.
###.
#.@# .#
. ####
.# . #.


You could see a raiju.

Vanquished Creatures
  An orc warlord (Orc:1)
  A blizzard demon (Abyss:1)
  A minotaur (Lab)
  A fire dragon (Lair:6)
  4 hydras
  A rakshasa (Abyss:1)
  A thrashing horror (Abyss:1)
  A wretched star (Abyss:1)
  A sixfirhy (D:9)
  2 fire crabs (Lair:6)
  An unseen horror (D:12)
  An orc knight (D:10)
  A necromancer (Lair:2)
  3 hill giants
  3 orc sorcerers
  An ugly thing (D:12)
  A cyclops (D:12)
  9 elephants
  7 black mambas
  16 spiny frogs
  2 molten gargoyles (Lair:6)
  A gargoyle (D:12)
  7 komodo dragons
  3 rime drakes
  A hellwing (Abyss:1)
  3 ancient zymes (Abyss:1)
  8 polar bears
  A queen bee (Lair:2)
  4 trolls
  A hornet (D:9)
  10 blink frogs
  5 slime creatures (D:12)
  4 hippogriffs
  2 raiju (Abyss:1)
  Sigmund (D:4)
  3 starcursed masses (Abyss:1)
  A redback (Lair:3)
  A shadow (D:11)
  2 wraiths (D:12)
  34 yaks
  8 wyverns
  Eustachio (D:4)
  A human (D:9)
  5 basilisks
  A hungry ghost (D:6)
  4 vampire mosquitoes (Lair:6)
  2 insubstantial wisps (Lair:6)
  A mottled dragon (Lair:6)
  5 wargs
  6 hell hounds
  13 water moccasins
  11 porcupines
  Duvessa (D:7)
  2 ice beasts
  3 sky beasts
  14 orc warriors
  7 black bears
  A phantom (D:4)
  12 wolves (Lair:2)
  13 ogres
  18 crocodiles
  2 big kobolds
  16 bullfrogs
  2 small abominations (Abyss:1)
  A scorpion (D:6)
  Dowan (D:7)
  31 killer bees
  A water moccasin skeleton (D:7)
  A howler monkey (D:5)
  13 wights
  3 crimson imps
  A bullfrog zombie (D:5)
  2 centaur zombies
  6 lava snakes
  11 hounds
  A bullfrog skeleton (D:5)
  3 quasits
  11 orc priests
  Crazy Yiuf (D:2)
  6 jellies
  16 orc wizards
  A gnoll shaman (D:8)
  2 iguanas
  2 yak simulacra (Lair:2)
  3 worker ants
  A killer bee zombie (D:5)
  2 polar bear simulacra (Lair:2)
  2 wolf simulacra (Lair:2)
  A hound zombie (D:6)
  A worker ant zombie (D:6)
  18 gnolls
  11 adders
  7 river rats (D:8)
  A shadow imp (D:7)
  An ufetubus (Abyss:1)
  5 oozes
  An adder skeleton (D:6)
  2 worms
  2 dart slugs
  5 leopard geckos
  62 orcs
  3 giant cockroaches
  5 goblins
  8 hobgoblins
  16 jackals
  6 quokkas
  3 ball pythons
  7 bats
  A frilled lizard (D:1)
  A jackal skeleton (D:7)
  14 kobolds
  A quokka zombie (D:6)
  9 rats
  5 river rat simulacra (Lair:2)
  7 fungi
  2 plants
627 creatures vanquished.

Vanquished Creatures (others)
  An elephant (Lair:6)
  2 bushes (Lair:6)
  11 fungi
  2 plants (Lair:6)
16 creatures vanquished.

Grand Total: 643 creatures vanquished

Notes
Turn   | Place    | Note
-------+----------+-------------------------------------------
     0 | D:1      | imganon the Hill Orc Berserker began the quest for the Orb.
     0 | D:1      | Reached XP level 1. HP: 19/19 MP: 1/1
   296 | D:1      | Reached XP level 2. HP: 26/26 MP: 2/2
   480 | D:1      | Reached skill level 5 in Axes
   670 | D:2      | Found a shimmering altar of Xom.
   691 | D:2      | Found a blossoming altar of Fedhas.
   762 | D:2      | Reached XP level 3. HP: 30/31 MP: 3/3
  1019 | D:2      | Found a runed door.
  1282 | D:2      | Reached ** piety under Trog
  1334 | D:2      | Reached skill level 6 in Axes
  1353 | D:2      | Noticed Crazy Yiuf
  1365 | D:2      | Killed Crazy Yiuf
  1365 | D:2      | Reached XP level 4. HP: 13/39 MP: 4/4
  1632 | D:3      | Reached skill level 7 in Axes
  1638 | D:3      | Reached XP level 5. HP: 45/45 MP: 5/5
  2075 | D:3      | Found a faded altar of an unknown god.
  2121 | D:3      | Found a glowing golden altar of the Shining One.
  2148 | D:4      | Noticed Sigmund
  2365 | D:4      | Killed Sigmund
  2365 | D:4      | Reached skill level 9 in Axes
  2365 | D:4      | Reached XP level 6. HP: 51/51 MP: 6/6
  2600 | D:4      | Noticed Eustachio
  2615 | D:4      | Killed Eustachio
  2615 | D:4      | Reached skill level 10 in Axes
  2615 | D:4      | Reached XP level 7. HP: 57/57 MP: 7/7
  2732 | D:4      | Found a deep blue altar of Sif Muna.
  2911 | D:4      | Found a white marble altar of Elyvilon.
  3174 | D:4      | Reached skill level 11 in Axes
  3231 | D:5      | Entered Level 5 of the Dungeon
  3570 | D:5      | Reached XP level 8. HP: 56/64 MP: 8/8
  3600 | D:5      | Reached *** piety under Trog
  3604 | D:5      | Reached skill level 12 in Axes
  4045 | D:6      | Reached skill level 13 in Axes
  4335 | D:6      | Paralysed by fainting for 9 turns
  4415 | D:6      | Found a staircase to the Ecumenical Temple.
  4566 | D:6      | Reached skill level 14 in Axes
  4650 | D:6      | Reached **** piety under Trog
  4659 | D:6      | Reached XP level 9. HP: 67/70 MP: 9/9
  5121 | D:6      | Reached skill level 5 in Fighting
  5508 | D:7      | Found Sedidet's Gadget Shop.
  5526 | D:7      | Reached skill level 5 in Armour
  6027 | D:7      | Received a gift from Trog
  6037 | D:7      | You fall through a shaft for 3 floors!
  6037 | D:10     | Entered Level 10 of the Dungeon
  6044 | D:10     | Noticed a hill giant
  6051 | D:10     | Killed a hill giant
  6125 | D:8      | Found a bloodstained altar of Trog.
  6130 | D:8      | Reached XP level 10. HP: 77/88 MP: 10/10
  6327 | D:8      | Found a staircase to the Lair.
  6385 | D:8      | HP: 5/136 [yak (6)]
  6733 | D:8      | Found a sacrificial altar of Ru.
  6733 | D:8      | Noticed an oklob plant
  6998 | D:7      | Noticed Dowan
  7012 | D:7      | Killed Dowan
  7017 | D:7      | Noticed Duvessa
  7028 | D:7      | Killed Duvessa
  7485 | D:8      | Reached skill level 10 in Fighting
  7550 | D:8      | Reached ***** piety under Trog
  7919 | D:8      | Found a burning altar of Makhleb.
  7956 | Lair:1   | Entered Level 1 of the Lair of Beasts
  8007 | Lair:1   | Reached XP level 11. HP: 73/101 MP: 11/11
  8303 | Lair:1   | Reached skill level 10 in Armour
  9086 | Lair:1   | Reached skill level 15 in Axes
  9406 | Lair:1   | Reached skill level 1 in Evocations
  9899 | Lair:2   | Noticed a necromancer
  9913 | Lair:2   | Killed a necromancer
 10973 | Lair:2   | Reached skill level 16 in Axes
 11006 | Lair:2   | Reached skill level 5 in Evocations
 11506 | Lair:2   | Reached XP level 12. HP: 105/107 MP: 16/16
 11999 | Lair:2   | Reached skill level 17 in Axes
 12003 | Lair:2   | Received a gift from Trog
 12012 | Lair:2   | Got a dazzling battleaxe {god gift}
 12028 | Lair:2   | Identified the +1 battleaxe of Articulation {freeze, rC+ rN+ Str-3 Int+7} (Trog gifted it to you on level 2 of the Lair of Beasts)
 12430 | Lair:3   | Noticed a five-headed hydra
 12549 | Lair:1   | Killed a 14-headed hydra
 13195 | Lair:3   | Found a hole to the Spider Nest.
 13386 | Lair:3   | Gained mutation: You have large cloven feet. [potion of beneficial mutation]
 13921 | Lair:4   | Found a staircase to the Swamp.
 14072 | Lair:4   | Noticed a seven-headed hydra
 14082 | Lair:4   | Killed a seven-headed hydra
 15038 | Lair:5   | Reached skill level 18 in Axes
 15042 | Lair:5   | Reached XP level 13. HP: 90/114 MP: 18/20
 15579 | Lair:6   | Entered Level 6 of the Lair of Beasts
 15943 | Lair:6   | Identified a scroll of acquirement
 16163 | Lair:6   | Reached skill level 10 in Evocations
 16621 | Lair:6   | Found a staircase to the Slime Pits.
 16629 | Lair:6   | Reached ****** piety under Trog
 16779 | Lair:6   | Reached skill level 19 in Axes
 17039 | Lair:6   | Received a gift from Trog
 18994 | Lair:6   | Reached XP level 14. HP: 125/125 MP: 7/21
 19089 | Lair:6   | Found a large runed door.
 19470 | Lair:6   | Found a large runed door.
 19976 | D:9      | Found a snail-covered altar of Cheibriados.
 20251 | Lair:5   | Got a pair of faintly glowing boots
 20262 | Lair:5   | Identified the cursed -5 pair of boots of Dim Light {rPois Dex+7} (You found it on level 5 of the Lair of Beasts)
 20608 | D:9      | Found a runed door.
 20616 | D:9      | Received a gift from Trog
 21870 | D:11     | Found a labyrinth entrance.
 21881 | Lab      | Entered a labyrinth
 22240 | Lab      | Got a spiked chain mail
 22391 | D:11     | Gained mutation: You possess an exceptional clarity of mind. [potion of beneficial mutation]
 22566 | D:11     | Reached skill level 20 in Axes
 22629 | D:11     | Identified the +3 chain mail of Undesirable Species {rElec MR+ SInv} (You took it off a minotaur in a labyrinth)
 22885 | D:12     | Found a staircase to the Orcish Mines.
 23031 | D:12     | Received a gift from Trog
 23818 | Orc:1    | Entered Level 1 of the Orcish Mines
 24080 | Orc:1    | Noticed an orc warlord
 24099 | Orc:1    | Killed an orc warlord
 24257 | Orc:2    | Entered Level 2 of the Orcish Mines
 24261 | Orc:2    | Received a gift from Trog
 24342 | Orc:2    | Found a roughly hewn altar of Beogh.
 24387 | Orc:2    | Cast into level 1 of the Abyss (orc knight)
 24660 | Abyss:1  | Noticed a starcursed mass
 24718 | Abyss:1  | Noticed a starcursed mass
 24989 | Abyss:1  | HP: 4/91 [blizzard demon/bolt of lightning (6)]
 24990 | Abyss:1  | Reached XP level 15. HP: 4/95 MP: 22/22
 25006 | Abyss:1  | HP: 3/95 [raiju/living lightning (5)]
 25007 | Abyss:1  | Slain by a raiju

Skill      XL: |  1  2  3  4  5  6  7  8  9 10 11 12 13 14 |
---------------+-------------------------------------------+-----
Axes           | 5 6 7 9 10 11 14 16 18 19 20 | 20.5
Fighting       | 7 10 11 13 | 13.7
Armour         | 6 9 10 11 13 | 13.3
Evocations     | 5 9 10 | 10.3
Dodging        | |  1.5

Action                   |  1- 3 |  4- 6 |  7- 9 | 10-12 | 13-15 || total
-------------------------+-------+-------+-------+-------+-------++-------
Melee: Hand axe          |   112 |   156 |   539 |   887 |       ||  1694
       Battleaxe         |       |       |       |   124 |   571 ||   695
       Executioner's axe |       |       |       |       |   184 ||   184
Invok: Berserk           |     1 |     5 |     5 |    16 |     8 ||    35
       Burn Spellbooks   |       |       |       |     1 |     6 ||     7
Evoke: Wand              |       |       |       |    19 |    13 ||    32
  Use: Potion            |       |       |       |     5 |     7 ||    12
       Scroll            |       |       |       |    18 |    19 ||    37
  Eat: Chunk             |     1 |     5 |    18 |    32 |    16 ||    72
       Bread ration      |       |     1 |     1 |     1 |     2 ||     5
       Fruit             |       |       |       |     1 |    17 ||    18
       Meat ration       |       |       |       |     1 |       ||     1
       Pizza             |       |       |       |       |     1 ||     1
Armor: Plate armour      |    89 |   101 |   276 |   641 |   417 ||  1524
       Chain mail        |       |       |       |       |   138 ||   138
Dodge: Dodged            |    41 |    51 |   117 |   335 |   295 ||   839
